 Dungeon Crawl Stone Soup version 0.29.1-2-gbd0b4ee654 (webtiles) character file.

Game seed: 8283686925696597042

25 firemarshallily the Caller (level 3, 0/25 HPs)
             Began as a Merfolk Summoner on Nov 8, 2022.
             Was a Follower of Fedhas.
             Succumbed to an adder's poison
             ... on level 1 of the Dungeon.
             The game lasted 00:04:33 (1263 turns).

firemarshallily the Caller (Merfolk Summoner)       Turns: 1263, Time: 00:04:34

Health: 0/25       AC:  3    Str:  9    XL:     3   Next: 4%
Magic:  4/6        EV: 13    Int: 18    God:    Fedhas [*.....]
Gold:   43         SH:  0    Dex: 13    Spells: 3/6 levels left

rFire   . . .      SeeInvis .   d - +0 long sword
rCold   . . .      Faith    .   (no shield)
rNeg    . . .      Spirit   .   a - +0 robe
rPois   .          Reflect  .   (helmet restricted)
rElec   .          Harm     .   (no cloak)
rCorr   .          Rampage  .   (no gloves)
Will    .....                   i - +0 pair of boots
Stlth   ++........              (no amulet)
HPRegen 0.08/turn               (no ring)
MPRegen 0.10/turn               (no ring)

@: mighty, brilliant, lethally poisoned (0 -> -9)
A: (nimble swimmer 2), mertail, antennae 1, clever 1
a: Renounce Religion


You were on level 1 of the Dungeon.
You worshipped Fedhas.
Fedhas was aware of your devotion.
You visited 1 branch of the dungeon, and saw 2 of its levels.

You collected 43 gold pieces.

Inventory:

Hand Weapons
 d - a +0 long sword (weapon)
Missiles
 j - 7 stones
Armour
 a - a +0 robe (worn)
 i - a +0 pair of boots (worn)
Scrolls
 e - a scroll of identify
 g - a scroll of fog
Potions
 b - a potion of magic


   Skills:
 + Level 0.8 Fighting
 + Level 3.1 Dodging
 - Level 2.1 Stealth
 * Level 2.4 Spellcasting
 * Level 4.3 Summonings


You had 3 spell levels left.
You knew the following spells:

 Your Spells              Type           Power      Damage    Failure   Level
a - Summon Small Mammal   Summ           100%       N/A       3%          1
b - Call Imp              Summ           26%        N/A       4%          2

Your spell library contained the following spells:

 Spells                   Type           Power      Damage    Failure   Level
 Call Canine Familiar     Summ           26%        N/A       9%          3
 Summon Guardian Golem    Hex/Summ       14%        N/A       22%         3
 Summon Lightning Spire   Summ/Air       14%        N/A       56%         4


Dungeon Overview and Level Annotations

Branches:
Dungeon (2/15)

Altars:
Fedhas

Annotations:
D:1 Terence


Innate Abilities, Weirdness & Mutations

((You are very nimble when in or above water. (Stealth+, EV+, Speed+++)))
Your lower body shifts to a powerful aquatic tail in water.
You have a pair of small antennae on your head.
Your mind is acute. (Int +4, Str/Dex -1)


Message History

The adder bites you.
You are poisoned.
The adder poisons you! The adder misses you.
Your crimson imp blinks!
Terence hits you with a +0 flail.
You barely miss the adder.
The adder is moderately wounded.
You feel sick. The adder bites you. Terence closely misses you.
The adder bites you.
You are more poisoned.
The adder poisons you!
Unknown command.
You feel sick.
Your crimson imp blinks!
The adder closely misses you. Terence closely misses you.
You climb upwards.
You feel sick.
There is a stone staircase leading down here.
As you read the scroll labelled KEOFOUS PYHER, it crumbles to dust.
It is a scroll of identify.
g - a scroll of fog You feel sick.
The adder bites you.
* * * LOW HITPOINT WARNING * * *
You are lethally poisoned!
The adder poisons you! Terence barely misses you.
It was a potion of might.
You feel very mighty all of a sudden.
* * * LOW HITPOINT WARNING * * *
You feel sick. The adder bites you.
* * * LOW HITPOINT WARNING * * *
You are more poisoned.
The adder poisons you! Terence hits you but does no damage.
The adder closely misses you.
It was a potion of mutation.
You feel extremely strange.
You feel clever. A pair of antennae grows on your head!
* * * LOW HITPOINT WARNING * * *
You feel sick. The adder closely misses you. Terence closely misses you.
It was a potion of brilliance.
You feel clever all of a sudden.
You die...
Fedhas appreciates your contribution to the ecosystem.

.##..........##.....# #.##..#
.##..........##..#..#######.^...#
.##....#####........)...........#
.##....# #........#########.#.#
~####### #........# #.#.# ~#
####......# #.#.. ≈# #......##.##
#.### ~# #.[..#.##..# #.### ≈#
###....#@###.## #.... ≈#
#####......S@.....# #####
≈####.....#.#.#.#.###.# #
≈##.∩.§...#.#.#.#.#...# #
≈#.....#..###.###.###.# #
##.#._.#..............###########
...#####.........................
#### #..#.#.###.#.#.#.#########
##.#.#.#.#.#.#...#


You could see Terence and an adder.

Vanquished Creatures
  An endoplasm (D:1)
  A hobgoblin (D:1)
  A kobold (D:1)
  A quokka (D:1)
  2 ball pythons
  A rat (D:1)
7 creatures vanquished.

Vanquished Creatures (collateral kills)
  A ball python (D:1)
  2 endoplasms (D:1)
  A giant cockroach (D:1)
  2 goblins (D:1)
  2 hobgoblins (D:1)
  A kobold (D:1)
  A bat (D:1)
  A frilled lizard (D:2)
  5 rats
16 creatures vanquished.

Grand Total: 23 creatures vanquished

Notes
Turn   | Place    | Note
-------+----------+-------------------------------------------
     0 | D:1      | firemarshallily the Merfolk Summoner began the quest for
                  | the Orb.
     0 | D:1      | Reached XP level 1. HP: 13/13 MP: 3/3
   197 | D:1      | Reached XP level 2. HP: 13/20 MP: 3/5
   493 | D:1      | Found a faded altar of an unknown god.
   497 | D:1      | Prayed at the altar of an unknown god.
   497 | D:1      | Became a worshipper of Fedhas Madash
   497 | D:1      | Reached * piety under Fedhas
   691 | D:1      | Learned a level 2 spell: Call Imp
  1175 | D:2      | Reached XP level 3. HP: 25/25 MP: 1/6
  1252 | D:2      | Noticed Terence
  1262 | D:1      | Gained mutation: Your mind is acute. (Int +4, Str/Dex -1)
                  | [potion of mutation]
  1262 | D:1      | Gained mutation: You have a pair of small antennae on your
                  | head. [potion of mutation]
  1262 | D:1      | HP: 1/25 [poisoned by an adder]
  1263 | D:1      | Succumbed to an adder's poison

Illustrated notes

Levels and vault maps discovered:
D:1:      dpeg_arrival_more_subterranean_lakeside_camping, layout_basic,
          ebering_ecumenical_altar_abandoned, minmay_misc_feat_nine_boxes,
          minmay_pentomino_q4
D:2:      layout_rooms, mrwooster_statue_mirror, uniq_terence

Skill      XL: |  1  2 |
---------------+-------+-----
Dodging        | 3 |  3.1
Fighting       | |  0.8
Stealth        | |  2.1
Spellcasting   | |  2.4
Summonings     | |  4.3

Action                   || total
-------------------------++-------
Melee: Long sword        ||    27
       Punch             ||     1
 Cast: Summon Small Mamm ||    36
       Call Imp          ||     5
  Use: Potion            ||     3
       Scroll            ||     1
Armor: Robe              ||     3
Dodge: Dodged            ||    32
